 Dungeon Crawl Stone Soup version 0.28-a0-973-ga7f8b01127 (webtiles) character file.

Game seed: 1638286386620589565

621 FluffGlitter the Chopper (level 7, 0/41 HPs)
             Began as a Gargoyle Berserker on Dec 2, 2021.
             Was a Believer of Trog.
             Slain by an ufetubus (4 damage)
             ... on level 4 of the Dungeon.
             The game lasted 00:32:20 (5582 turns).

FluffGlitter the Chopper (Gargoyle Berserker)       Turns: 5582, Time: 00:32:21

Health: 0/41       AC: 12    Str: 23    XL:     7   Next: 46%
Magic:  7/7        EV:  7    Int:  7    God:    Trog [**....]
Gold:   70         SH:  6    Dex:  9    Spells: 6/6 levels left

rFire   . . .      SeeInvis .   a - +0 hand axe
rCold   . . .      Faith    .   w - +0 kite shield
rNeg    + . .      Spirit   .   k - +0 scale mail
rPois   ∞          Reflect  .   (no helmet)
rElec   +          Harm     .   (no cloak)
rCorr   .          Rampage  .   p - +0 pair of gloves
Will    ++...                   (no boots)
Stlth   ..........              (no amulet)
HPRegen 1.13/turn               (no ring)
MPRegen 0.10/turn               (no ring)

@: strong-willed, on berserk cooldown, regenerating
A: sickness immunity, AC +4, negative energy resistance 1, electricity
resistance, torment resistance 1, petrification resistance
a: Renounce Religion, Berserk, Trog's Hand


You were on level 4 of the Dungeon.
You worshipped Trog.
Trog was pleased with you.
You visited 1 branch of the dungeon, and saw 5 of its levels.

You collected 209 gold pieces.
You spent 139 gold pieces at shops.

Inventory:

Hand Weapons
 a - a +0 hand axe (weapon)
Missiles
 e - 77 stones (quivered)
 h - 21 bolts
Armour
 k - a +0 scale mail (worn)
   (You found it on level 3 of the Dungeon)
 p - a +0 pair of gloves (worn)
   (You found it on level 3 of the Dungeon)
 v - a +0 leather armour
   (You found it on level 1 of the Dungeon)
 w - a +0 kite shield (worn)
   (You found it on level 4 of the Dungeon)
Jewellery
 y - a ring of fire
   (You bought it in a shop on level 4 of the Dungeon)
Wands
 d - a wand of iceblast (7)
   (You found it on level 4 of the Dungeon)
Scrolls
 c - a scroll of vulnerability {unknown}
 g - a scroll of enchant weapon {unknown}
 j - 2 scrolls of magic mapping {unknown}
 m - 8 scrolls of identify {@r1}
 n - a scroll of fog {unknown}
 o - a scroll of summoning {unknown}
 q - 4 scrolls of teleportation {unknown}
 s - a scroll of enchant armour {unknown}
 u - a scroll of silence {unknown}
 x - a scroll of noise {!r}
 z - a scroll of amnesia {unknown}
Potions
 b - a potion of lignification {unknown}
 f - 2 potions of heal wounds {unknown}
 i - a potion of invisibility {unknown}
 l - a potion of ambrosia {unknown}
 r - a potion of brilliance {unknown}
 t - a potion of berserk rage


   Skills:
 - Level 3.2 Fighting
 + Level 7.7 Axes
 - Level 2.1 Armour
 - Level 1.5 Dodging


You had 6 spell levels left.
You didn't know any spells.
Your spell library was empty.

Dungeon Overview and Level Annotations

Branches:
Dungeon (5/15)
 Temple: D:4-7

Altars:
Hepliaklqana
Ru
Wu Jian

Shops:
D:2 (   D:4 **(*

Annotations:
D:5 Menkaure


Innate Abilities, Weirdness & Mutations

You are immune to sickness and miasma.
Your stone body is resilient. (AC +4)
You are immune to poison.
You resist negative energy. (rN+)
You are resistant to electric shocks. (rElec)
You are resistant to unholy torment.
You are immune to petrification.


Message History

Trog accepts your kill.
Your skin stops crawling.
You feel less strong-willed.
The ufetubus hits you but does no damage.
The ufetubus completely misses you.
The ufetubus hits you but does no damage.
The ufetubus barely misses you.
You hit the ufetubus. The ufetubus hits you.
* * * LOW HITPOINT WARNING * * *
The ufetubus closely misses you.
The ufetubus hits you but does no damage. x2
The ufetubus hits you.
* * * LOW HITPOINT WARNING * * *
The ufetubus barely misses you.
You miss the ufetubus. The ufetubus hits you.
* * * LOW HITPOINT WARNING * * *
The ufetubus closely misses you.
The ufetubus hits you but does no damage.
The ufetubus barely misses you.
Okay, then.
You miss the ufetubus.
The ufetubus hits you but does no damage.
The ufetubus barely misses you. The ufetubus hits you.
* * * LOW HITPOINT WARNING * * *
The ufetubus hits you but does no damage.
You block the ufetubus's attack. The ufetubus barely misses you.
You barely miss the ufetubus. You block the ufetubus's attack. x2
The ufetubus hits you but does no damage. x2
The ufetubus closely misses you. x2
As you read the scroll labelled AMNI OSOTSUUFA, it crumbles to dust.
You hear a loud clanging noise!
It was a scroll of noise.
You block the ufetubus's attack.
The ufetubus barely misses you. x2; The ufetubus hits you.
* * * LOW HITPOINT WARNING * * *
It was a potion of berserk rage.
You're still recovering from your berserk rage.
You feel yourself speed up.
The ufetubus hits you but does no damage. x2
The ufetubus hits you.
* * * LOW HITPOINT WARNING * * *
The ufetubus closely misses you.
The ufetubus hits you but does no damage. x2
Why would you want to do that?
Your skin crawls.
You feel strong-willed.
The ufetubus barely misses you. x2; You block the ufetubus's attack.
The ufetubus closely misses you.
The ufetubus hits you but does no damage.
You block the ufetubus's attack. The ufetubus hits you.
You die...

#..## #.......# #..
##..###### ####'....#
###.# ##.....)#
#...#....## #...#
######.## #._.#.....#
#.### # #..#
#...#..##.# #.# ##
##.# #≈≈≈#####.# #.#
.### #.## #...#
#.####.# ...## #..###
#.5.# #...##.# ##..#
##...###@..# ###.##.#
##.#### ###.##[####
#....### #.>..#
#.#..## ##...#..
####.# ###...##
#.#.#.. #.## ##.)...##
#.#.#.. #..#
#.......## ##.#.)..
##.# #...∩....#
##....... #.##
#........#####...#....
#..#
##.....#....#..#.##...


You could see an ufetubus.

Vanquished Creatures
  2 ogres
  A phantom (D:4)
  A bullfrog (D:4)
  A howler monkey (D:4)
  A hound (D:5)
  2 iguanas (D:4)
  An orc wizard (D:4)
  A hound skeleton (D:4)
  3 gnolls (D:2)
  5 adders
  6 worms
  2 dart slugs
  4 orcs (D:4)
  5 endoplasms
  4 giant cockroaches (D:1)
  7 goblins
  3 hobgoblins
  7 kobolds
  4 quokkas
  4 ball pythons
  3 bats
  3 frilled lizards
70 creatures vanquished.

Vanquished Creatures (others)
  A kobold (D:4)
  3 plants (D:3)
4 creatures vanquished.

Grand Total: 74 creatures vanquished

Notes
Turn   | Place    | Note
-------+----------+-------------------------------------------
     0 | D:1      | FluffGlitter the Gargoyle Berserker began the quest for the
                  | Orb.
     0 | D:1      | Reached XP level 1. HP: 14/14 MP: 1/1
   144 | D:1      | Reached skill level 3 in Axes
   315 | D:1      | Reached XP level 2. HP: 19/19 MP: 2/2
   754 | D:1      | Found a faded altar of an unknown god.
   947 | D:1      | Reached XP level 3. HP: 17/23 MP: 3/3
  1553 | D:2      | Reached skill level 4 in Axes
  1598 | D:2      | Reached XP level 4. HP: 18/28 MP: 4/4
  1602 | D:2      | Reached ** piety under Trog
  2230 | D:2      | Found Kimuewn's Antique Weapon Shoppe.
  2534 | D:3      | Reached skill level 5 in Axes
  2627 | D:3      | Found an ornate altar of the Wu Jian Council.
  2833 | D:3      | Reached XP level 5. HP: 29/32 MP: 5/5
  3584 | D:5      | Entered Level 5 of the Dungeon
  4024 | D:4      | Noticed an ogre
  4125 | D:4      | Found a hazy altar of Hepliaklqana.
  4125 | D:4      | Found a sacrificial altar of Ru.
  4352 | D:4      | Found Zeerati's Weapon Boutique.
  4493 | D:4      | Found Bemont's Assorted Antiques.
  4501 | D:4      | Bought a runed ruby ring for 80 gold pieces
  4681 | D:4      | Found Wuocroxzog's General Store.
  4690 | D:4      | Bought a scroll of identify for 26 gold pieces
  4710 | D:4      | Noticed a phantom
  4724 | D:4      | Killed a phantom
  4725 | D:4      | Reached skill level 6 in Axes
  4725 | D:4      | Reached XP level 6. HP: 22/37 MP: 6/6
  4975 | D:4      | Found Pesauz's General Store.
  5076 | D:4      | Bought a potion of curing for 33 gold pieces
  5379 | D:4      | Reached skill level 7 in Axes
  5379 | D:4      | Reached XP level 7. HP: 39/41 MP: 7/7
  5552 | D:5      | Noticed Menkaure
  5574 | D:4      | HP: 2/41 [ufetubus (2)]
  5582 | D:4      | Slain by an ufetubus

Illustrated notes

Levels and vault maps discovered:
D:1:      arrival_zaba_pyramid, layout_basic, chequers_ecumenical_altar_grove
D:2:      layout_basic, serial_shops, nicolae_diamond_shop
D:3:      layout_rooms, nicolae_wu_jian_immortal_techniques,
          grunt_decor_mini_mirrors, minmay_misc_feat_doors, serial_bayou_ford_a,
          minivault_25, hangedman_decor_clover_reticule,
          minmay_stone_trees_small
D:4:      layout_rooms, mainiacjoe_overflow_divided_tiny, serial_shops,
          kennysheep_mini_moat, nicolae_lakefront_shop,
          nicolae_shop_bloodbath_and_beyond, shop
D:5:      layout_cave_pools, kennysheep_another_room, hangedman_glass_garden,
          chequers_arboretum, amcnicky_mini_pool_small, st_stairs_5,
          kennysheep_path_1, uniq_menkaure, uniq_grinder

Skill      XL: |  1  2  3  4  5  6 |
---------------+-------------------+-----
Axes           | 3 4 5 6 7 |  7.7
Fighting       | |  3.2
Armour         | |  2.1
Dodging        | |  1.5

Action                   |  1- 3 |  4- 6 |  7- 9 || total
-------------------------+-------+-------+-------++-------
Melee: Hand axe          |   130 |   176 |    37 ||   343
Invok: Berserk           |     1 |     3 |     2 ||     6
       Trog's Hand       |       |       |     3 ||     3
  Use: Potion            |       |       |     2 ||     2
       Scroll            |       |       |     1 ||     1
Armor: Animal skin       |     6 |       |       ||     6
       Leather armour    |    40 |    10 |       ||    50
       Scale mail        |       |    52 |    62 ||   114
Dodge: Dodged            |    74 |    73 |    41 ||   188
Block: Kite shield       |       |     7 |    39 ||    46

Table legend: (Time is in decaauts)
 A = Elapsed time spent in this place.
 B = Non-inter-level travel time spent in this place.
 C = Inter-level travel time spent in this place.
 D = Time resting spent in this place.
 E = Time spent auto-exploring this place.
 F = Levels seen in this place.
 G = Mean time per level.
                   A        B        C        D        E       F      G
               +--------+--------+--------+--------+--------+-----+--------+
         Total |   5704 |   5422 |    282 |   2296 |   1833 |   5 | 1140.8 |
       Dungeon |   5704 |   5422 |    282 |   2296 |   1833 |   5 | 1140.8 |
               +--------+--------+--------+--------+--------+-----+--------+

Top non-repeatable levels by time:
     D:4: 1859 daAuts
     D:1: 1504 daAuts
     D:3: 1318 daAuts
     D:2: 972 daAuts
     D:5: 49 daAuts
